Newfoundland Shamrocks vs Peoria Rivermen
Created - Tuesday, May 30, 2023 at 07:00
Goals
|
| Newfoundland Shamrocks |
1 |
0 |
1 |
0 |
0 |
2 |
| Peoria Rivermen |
0 |
1 |
1 |
0 |
1 |
3 |
|
Shots
|
| Newfoundland Shamrocks |
11 |
6 |
9 |
1 |
3 |
27 |
| Peoria Rivermen |
12 |
11 |
14 |
0 |
3 |
37 |
|
1st period
1. Newfoundland Shamrocks , Riley Barber 15 (Jon Merrill 25) at 12:32
Penalties :
Radim Zohorna (PRM) for Fighting (Major) at 19:33, Max Comtois (NFS) for Fighting (Major) at 19:33, Max Comtois (NFS) for instigated a fight (Minor) at 19:33, Max Comtois (NFS) for instigated and being the aggresor in a fight (20 Minutes Game Misconduct) at 19:33
2nd period
2. Peoria Rivermen , Tyler Pitlick 15 (Dakota Joshua 28, Jalen Chatfield 27) at 14:49
Penalties :
Connor Mackey (PRM) for Fighting (Major) at 13:52, Tanner Laczynski (NFS) for Fighting (Major) at 13:52, Ryan Lomberg (PRM) for Holding (Minor) at 18:04
3rd period
3. Newfoundland Shamrocks , Sean Monahan 19 (Denis Gurianov 26) at 6:16 (PP)
4. Peoria Rivermen , Nico Sturm 6 (Sasha Chmelevski 57, Nick Leddy 2) at 19:58
Penalties :
Denis Gurianov (NFS) for Diving (Minor) at 2:13, Jalen Chatfield (PRM) for Slashing (Minor) at 6:12, Alec Regula (NFS) for Goalie Interference (Minor) at 7:00, Jacob Bernard-Docker (NFS) for Hooking (Minor) at 16:35
Overtime #1
No Goal
Penalties :
No Penalty
Shootout
Newfoundland Shamrocks, Sean Monahan - Shot Misses the Net
Peoria Rivermen, Brandon Biro - Stopped by Dustin Tokarski
Newfoundland Shamrocks, Denis Gurianov - Stopped by Scott Wedgewood
Peoria Rivermen, Nico Sturm - Stopped by Dustin Tokarski
Newfoundland Shamrocks, Alex Chiasson - Shot Misses the Net
Peoria Rivermen, Sasha Chmelevski - Goal!
Penalties :
No Penalty
Goalie Stats
Dustin Tokarski (NFS), 35 saves from 37 shots - (0.946), OTL, 11-14-4, 65:00 minutes
Scott Wedgewood (PRM), 25 saves from 27 shots - (0.926), W, 4-0-0, 64:17 minutes
Players Stats for Newfoundland Shamrocks
Player Name G A P +/- PIM S H SB GA TA FO MP PP MP PK MP
------------------------------------------------------------------------------------
Alec Regula 0 0 0 1 2 0 1 2 1 0 0/0 24:23 1:18 2:45
Alex Chiasson 0 0 0 -1 0 0 0 0 1 0 1/4 23:00 0:50 4:28
Denis Gurianov 0 1 1 -1 2 7 2 1 0 0 0/1 21:20 0:50 3:03
Drew O'Connor 0 0 0 1 0 3 2 0 0 0 0/0 16:14 0:52 1:19
Dylan Coghlan 0 0 0 -2 0 0 0 1 0 0 0/0 24:59 0:45 3:58
Filip Hallander 0 0 0 -1 0 1 1 0 1 1 2/2 10:03 0:00 0:01
Jacob Bernard-Docker 0 0 0 0 2 0 1 0 0 0 0/0 15:03 0:00 0:00
Jon Merrill 0 1 1 1 0 0 2 3 2 1 0/0 25:21 1:18 3:58
Max Comtois 0 0 0 0 27 1 0 0 0 0 0/0 5:41 0:00 0:00
Nicolas Deslauriers 0 0 0 0 0 0 4 1 1 1 0/0 16:08 1:13 0:00
Raphael Lavoie 0 0 0 -1 0 0 0 0 1 0 0/0 8:57 0:00 0:00
Riley Barber 1 0 1 1 0 3 0 0 0 0 1/4 17:19 0:58 0:00
Sam Poulin 0 0 0 -1 0 3 2 0 1 1 0/0 15:47 0:00 3:09
Sean Monahan 1 0 1 -1 0 4 1 1 0 0 15/25 20:22 0:50 3:21
Semyon Der-Arguchintsev 0 0 0 1 0 0 1 0 1 0 3/9 10:58 0:00 0:00
Tanner Laczynski 0 0 0 0 5 3 0 0 0 1 7/11 15:51 0:36 0:31
Ville Heinola 0 0 0 -2 0 2 0 3 0 1 0/0 24:59 0:45 3:58
Wyatte Wylie 0 0 0 0 0 0 1 0 0 1 0/0 15:34 0:00 1:13
Players Stats for Peoria Rivermen
Player Name G A P +/- PIM S H SB GA TA FO MP PP MP PK MP
------------------------------------------------------------------------------------
Brandon Biro 0 0 0 -1 0 2 1 0 0 1 0/1 10:57 0:00 0:45
Connor Mackey 0 0 0 0 5 0 3 2 0 1 0/0 19:40 3:56 0:48
Dakota Joshua 0 1 1 1 0 3 1 0 2 0 5/10 17:50 3:44 0:00
Grant Mismash 0 0 0 -1 0 0 1 0 0 0 2/4 9:16 0:00 0:00
Jakob Pelletier 0 0 0 0 0 2 1 0 1 0 4/9 14:28 0:07 0:00
Jalen Chatfield 0 1 1 0 2 3 4 0 0 0 0/0 26:12 4:00 1:01
Jesper Froden 0 0 0 -1 0 1 2 0 0 0 0/0 9:16 0:00 0:00
Jonas Rondbjerg 0 0 0 0 0 1 4 0 0 0 0/0 12:13 0:00 0:00
Josiah Slavin 0 0 0 0 0 1 2 0 0 1 0/1 17:40 4:12 0:00
Matthew Kessel 0 0 0 1 0 1 3 0 0 0 0/0 18:30 0:00 0:21
Nick Leddy 0 1 1 1 0 2 1 0 0 0 0/0 18:22 0:00 0:00
Nico Sturm 1 0 1 1 0 5 2 1 1 0 12/19 21:41 4:12 1:00
Radim Zohorna 0 0 0 0 5 2 1 0 0 0 0/1 13:05 0:00 0:23
Ryan Lomberg 0 0 0 2 2 4 3 0 1 0 1/3 21:04 3:37 0:04
Sasha Chmelevski 0 1 1 1 0 3 1 0 1 0 2/6 21:41 4:12 0:54
Tyler Pitlick 1 0 1 1 0 3 0 2 1 2 1/2 19:15 3:44 1:00
Yegor Zamula 0 0 0 0 0 2 0 3 0 0 0/0 25:47 4:00 1:05
Zachary Jones 0 0 0 0 0 2 1 4 0 4 0/0 21:03 3:56 0:58
3 Stars
1 - Nico Sturm (PRM)
2 - Dustin Tokarski (NFS)
3 - Tyler Pitlick (PRM)
Power Play
Newfoundland Shamrocks - 1 on 2 Attempt(s) - 50.00%
Peoria Rivermen - 0 on 4 Attempt(s) - 0.00%
Penalty Kill
Newfoundland Shamrocks - 4 on 4 Attempt(s) - 100.00%
- Score 0 goal in Penalty Kill
Peoria Rivermen - 1 on 2 Attempt(s) - 50.00%
- Score 0 goal in Penalty Kill
Team Stat
Newfoundland Shamrocks - Hits : 18 - Faceoff Wins : 29 - Blocked Shots : 12 - Penalty Minutes : 38
Peoria Rivermen - Hits : 31 - Faceoff Wins : 27 - Blocked Shots : 12 - Penalty Minutes : 14
Official
Referees : Gord Dwyer and Tom Kowal
Linesman : Brandon Gawryletz and Greg Devorski
Game Notes
Radim Zohorna beats up Max Comtois at 19:33 of 1st period
Max Comtois ejected from game at 19:33 of 1st period
Max Comtois from Newfoundland Shamrocks is suspended for 1 game(s)
Tanner Laczynski beats up Connor Mackey at 13:52 of 2nd period
14:49 of 2nd period - Peoria Rivermen goal is going for a video replay. After video review, Goal.
Newfoundland Shamrocks
5 vs 5 Forward
Center Left Wing Right Wing Time % Phy DF OF
1 Sean Monahan Denis Gurianov Alex Chiasson 30 1 2 2
2 Tanner Laczynski Max Comtois Nicolas Deslauriers 30 1 2 2
3 Semyon Der-Arguchintsev Drew O'Connor Riley Barber 25 1 2 2
4 Filip Hallander Sam Poulin Raphael Lavoie 15 1 2 2
5 vs 5 Defense
Defense Defense Time % Phy DF OF
1 Jon Merrill Alec Regula 35 1 2 2
2 Dylan Coghlan Ville Heinola 35 1 2 2
3 Jacob Bernard-Docker Wyatte Wylie 30 1 2 2
4 Jon Merrill Alec Regula 0 1 2 2
PowerPlay Forward
Center Left Wing Right Wing Time % Phy DF OF
1 Sean Monahan Denis Gurianov Alex Chiasson 50 1 2 2
2 Tanner Laczynski Max Comtois Nicolas Deslauriers 50 1 2 2
PowerPlay Defense
Defense Defense Time % Phy DF OF
1 Jon Merrill Alec Regula 50 1 2 2
2 Dylan Coghlan Ville Heinola 50 1 2 2
Penalty Kill 4 Players Forward
Center Wing Time % Phy DF OF
1 Sean Monahan Denis Gurianov 50 1 2 2
2 Alex Chiasson Max Comtois 50 1 2 2
Penalty Kill 4 Players Defense
Defense Defense Time % Phy DF OF
1 Jon Merrill Alec Regula 50 1 2 2
2 Dylan Coghlan Ville Heinola 50 1 2 2
Penalty Kill - 3 Players Forward
Forward Time % Phy DF OF
1 Sean Monahan 50 1 2 2
2 Denis Gurianov 50 1 2 2
Penalty Kill - 3 Players Defense
Defense Defense Time % Phy DF OF
1 Jon Merrill Alec Regula 50 1 2 2
2 Dylan Coghlan Ville Heinola 50 1 2 2
4 vs 4 Forward
Center Wing Time % Phy DF OF
1 Sean Monahan Denis Gurianov 50 1 2 2
2 Alex Chiasson Max Comtois 50 1 2 2
4 vs 4 Defense
Defense Defense Time % Phy DF OF
1 Jon Merrill Alec Regula 50 1 2 2
2 Dylan Coghlan Ville Heinola 50 1 2 2
Last Minutes Offensive
Center Left Wing Right Wing Defense Defense
Sean Monahan Denis Gurianov Alex Chiasson Jon Merrill Alec Regula
Last Minutes Defensive
Center Left Wing Right Wing Defense Defense
Sean Monahan Denis Gurianov Alex Chiasson Jon Merrill Alec Regula
Goaltenders
Starting : Dustin Tokarski
Backup : Louis Domingue
Extra Forwards
Normal : Riley Barber, Drew O'Connor, Sam Poulin - PP : Riley Barber, Drew O'Connor - PK : Sam Poulin
Extra Defensemen
Normal : Jacob Bernard-Docker, Wyatte Wylie, Dylan Coghlan - PP : Jacob Bernard-Docker - PK : Wyatte Wylie, Dylan Coghlan
Penalty Shots
Sean Monahan, Denis Gurianov, Alex Chiasson, Max Comtois, Nicolas Deslauriers
Peoria Rivermen
5 vs 5 Forward
Center Left Wing Right Wing Time % Phy DF OF
1 Nico Sturm Radim Zohorna Sasha Chmelevski 30 1 2 2
2 Dakota Joshua Ryan Lomberg Tyler Pitlick 30 1 2 2
3 Jakob Pelletier Josiah Slavin Jonas Rondbjerg 25 1 2 2
4 Grant Mismash Brandon Biro Jesper Froden 15 1 2 2
5 vs 5 Defense
Defense Defense Time % Phy DF OF
1 Jalen Chatfield Yegor Zamula 30 1 2 2
2 Zachary Jones Connor Mackey 30 1 2 2
3 Nick Leddy Matthew Kessel 25 1 2 2
4 Jalen Chatfield Yegor Zamula 15 1 2 2
PowerPlay Forward
Center Left Wing Right Wing Time % Phy DF OF
1 Nico Sturm Josiah Slavin Sasha Chmelevski 50 1 2 2
2 Dakota Joshua Ryan Lomberg Tyler Pitlick 50 1 2 2
PowerPlay Defense
Defense Defense Time % Phy DF OF
1 Jalen Chatfield Yegor Zamula 50 1 2 2
2 Zachary Jones Connor Mackey 50 1 2 2
Penalty Kill 4 Players Forward
Center Wing Time % Phy DF OF
1 Tyler Pitlick Nico Sturm 50 1 2 2
2 Sasha Chmelevski Ryan Lomberg 50 1 2 2
Penalty Kill 4 Players Defense
Defense Defense Time % Phy DF OF
1 Jalen Chatfield Yegor Zamula 50 1 2 2
2 Zachary Jones Connor Mackey 50 1 2 2
Penalty Kill - 3 Players Forward
Forward Time % Phy DF OF
1 Sasha Chmelevski 50 1 2 2
2 Nico Sturm 50 1 2 2
Penalty Kill - 3 Players Defense
Defense Defense Time % Phy DF OF
1 Jalen Chatfield Yegor Zamula 50 1 2 2
2 Zachary Jones Connor Mackey 50 1 2 2
4 vs 4 Forward
Center Wing Time % Phy DF OF
1 Jakob Pelletier Nico Sturm 50 1 2 2
2 Sasha Chmelevski Ryan Lomberg 50 1 2 2
4 vs 4 Defense
Defense Defense Time % Phy DF OF
1 Jalen Chatfield Yegor Zamula 50 1 2 2
2 Zachary Jones Connor Mackey 50 1 2 2
Last Minutes Offensive
Center Left Wing Right Wing Defense Defense
Nico Sturm Ryan Lomberg Sasha Chmelevski Jalen Chatfield Yegor Zamula
Last Minutes Defensive
Center Left Wing Right Wing Defense Defense
Nico Sturm Ryan Lomberg Sasha Chmelevski Jalen Chatfield Yegor Zamula
Goaltenders
Starting : Scott Wedgewood
Backup : Joey Daccord
Extra Forwards
Normal : Josiah Slavin, Jakob Pelletier, Brandon Biro - PP : Josiah Slavin, Jakob Pelletier - PK : Brandon Biro
Extra Defensemen
Normal : Jalen Chatfield, Matthew Kessel, Zachary Jones - PP : Yegor Zamula - PK : Matthew Kessel, Zachary Jones
Penalty Shots
Brandon Biro, Nico Sturm, Sasha Chmelevski, Ryan Lomberg, Tyler Pitlick
% Time on Ice - Newfoundland Shamrocks
Lines # - Real PCT - Wanted PCT - Time Play
Normal Forward
1 - 27% - 30% - 13:15
2 - 32% - 30% - 15:38
3 - 22% - 25% - 10:58
4 - 18% - 15% - 8:57
Normal Defense
1 - 35% - 35% - 17:07
2 - 34% - 35% - 16:44
3 - 29% - 30% - 14:21
4 - 1% - 0% - 0:36
PP Forward
1 - 41% - 50% - 0:50
2 - 59% - 50% - 1:13
PP Defense
1 - 63% - 50% - 1:18
2 - 37% - 50% - 0:45
PK Forward
1 - 44% - 50% - 3:30
2 - 56% - 50% - 4:26
PK Defense
1 - 50% - 50% - 3:58
2 - 50% - 50% - 3:58
PK3 Forward
1 - 0% - 50%
2 - 0% - 50%
PK3 Defense
1 - 0% - 50%
2 - 0% - 50%
44 Forward
1 - 35% - 50% - 1:44
2 - 65% - 50% - 3:16
44 Defense
1 - 54% - 50% - 2:41
2 - 46% - 50% - 2:19
Last Minute Offensive - 0:00
Last Minute Defensive - 1:13
Total
Forward - 65:00
Defense - 65:00
|
% Time on Ice - Peoria Rivermen
Lines # - Real PCT - Wanted PCT - Time Play
Normal Forward
1 - 27% - 30% - 13:13
2 - 30% - 30% - 14:25
3 - 24% - 25% - 11:53
4 - 19% - 15% - 9:16
Normal Defense
1 - 28% - 30% - 13:52
2 - 30% - 30% - 14:38
3 - 31% - 25% - 15:13
4 - 10% - 15% - 5:04
PP Forward
1 - 53% - 50% - 4:12
2 - 47% - 50% - 3:44
PP Defense
1 - 50% - 50% - 4:00
2 - 50% - 50% - 3:56
PK Forward
1 - 49% - 50% - 1:00
2 - 51% - 50% - 1:03
PK Defense
1 - 53% - 50% - 1:05
2 - 47% - 50% - 0:58
PK3 Forward
1 - 0% - 50%
2 - 0% - 50%
PK3 Defense
1 - 0% - 50%
2 - 0% - 50%
44 Forward
1 - 51% - 50% - 2:32
2 - 49% - 50% - 2:28
44 Defense
1 - 47% - 50% - 2:20
2 - 53% - 50% - 2:40
Last Minute Offensive - 1:14
Last Minute Defensive - 0:00
Total
Forward - 65:00
Defense - 65:00
|
Play-by-Play
1st period
0:01 of 1st period - Nico Sturm wins face-off versus Sean Monahan in neutral zone.
0:03 of 1st period - Off-side.
0:04 of 1st period - Nico Sturm wins face-off versus Sean Monahan in neutral zone.
0:17 of 1st period - Snap shot by Radim Zohorna.
0:17 of 1st period - Shot Misses the Net.
0:53 of 1st period - Wrist shot by Jakob Pelletier.
0:53 of 1st period - Shot Misses the Net.
1:59 of 1st period - Slapshot by Ryan Lomberg.
1:59 of 1st period - Shot Misses the Net.
2:02 of 1st period - Icing by Semyon Der-Arguchintsev.
2:03 of 1st period - Jakob Pelletier wins face-off versus Semyon Der-Arguchintsev in Newfoundland Shamrocks zone.
2:50 of 1st period - Slapshot by Sam Poulin.
2:50 of 1st period - Stopped by Scott Wedgewood with a rebound.
3:14 of 1st period - Wrist shot by Radim Zohorna.
3:14 of 1st period - Shot Misses the Net.
3:16 of 1st period - Snap shot by Sasha Chmelevski.
3:16 of 1st period - Shot Misses the Net.
3:20 of 1st period - Slapshot by Nico Sturm.
3:20 of 1st period - Stopped by Dustin Tokarski with a rebound.
3:27 of 1st period - Icing by Alex Chiasson.
3:28 of 1st period - Jakob Pelletier wins face-off versus Tanner Laczynski in Newfoundland Shamrocks zone.
3:33 of 1st period - Snap shot by Jonas Rondbjerg.
3:33 of 1st period - Shot Blocked by Nicolas Deslauriers.
3:35 of 1st period - Snap shot by Josiah Slavin.
3:35 of 1st period - Shot Misses the Net.
3:41 of 1st period - Wrist shot by Josiah Slavin.
3:41 of 1st period - Shot Misses the Net.
3:43 of 1st period - Snap shot by Jonas Rondbjerg.
3:43 of 1st period - Stopped by Dustin Tokarski with a rebound.
4:01 of 1st period - Wrist shot by Riley Barber.
4:01 of 1st period - Shot Misses the Net.
4:03 of 1st period - Snap shot by Semyon Der-Arguchintsev.
4:03 of 1st period - Shot Misses the Net.
4:23 of 1st period - Alex Chiasson is hit by Matthew Kessel.
4:56 of 1st period - Off-side.
4:57 of 1st period - Tanner Laczynski wins face-off versus Jakob Pelletier in neutral zone.
5:24 of 1st period - Slapshot by Denis Gurianov.
5:24 of 1st period - Stopped by Scott Wedgewood without a rebound.
5:25 of 1st period - Dakota Joshua wins face-off versus Sean Monahan in Peoria Rivermen zone.
5:42 of 1st period - Wrist shot by Ryan Lomberg.
5:42 of 1st period - Shot Misses the Net.
5:44 of 1st period - Backhand shot by Zachary Jones.
5:44 of 1st period - Deflect By Ryan Lomberg.
5:44 of 1st period - Stopped by Dustin Tokarski with a rebound.
5:46 of 1st period - Slapshot by Ryan Lomberg.
5:46 of 1st period - Shot Misses the Net.
5:52 of 1st period - Jacob Bernard-Docker is hit by Jalen Chatfield and loses puck.
6:03 of 1st period - Backhand shot by Sean Monahan.
6:03 of 1st period - Shot Misses the Net.
6:05 of 1st period - Snap shot by Sean Monahan.
6:05 of 1st period - Stopped by Scott Wedgewood with a rebound.
6:21 of 1st period - Snap shot by Ryan Lomberg.
6:21 of 1st period - Shot Misses the Net.
6:41 of 1st period - Snap shot by Denis Gurianov.
6:41 of 1st period - Shot Blocked by Yegor Zamula.
7:21 of 1st period - Icing by Yegor Zamula.
7:22 of 1st period - Ryan Lomberg wins face-off versus Tanner Laczynski in Peoria Rivermen zone.
7:44 of 1st period - Wrist shot by Ryan Lomberg.
7:44 of 1st period - Shot Blocked by Jon Merrill.
8:22 of 1st period - Snap shot by Ryan Lomberg.
8:22 of 1st period - Stopped by Dustin Tokarski with a rebound.
8:24 of 1st period - Snap shot by Yegor Zamula.
8:24 of 1st period - Stopped by Dustin Tokarski with a rebound.
8:28 of 1st period - Snap shot by Dakota Joshua.
8:28 of 1st period - Deflect By Ryan Lomberg.
8:28 of 1st period - Shot Misses the Net.
8:28 of 1st period - Puck is out of play.
8:29 of 1st period - Nico Sturm wins face-off versus Semyon Der-Arguchintsev in Newfoundland Shamrocks zone.
8:34 of 1st period - Wrist shot by Nico Sturm.
8:34 of 1st period - Shot Misses the Net.
8:42 of 1st period - Snap shot by Riley Barber.
8:42 of 1st period - Shot Blocked by Nico Sturm.
8:44 of 1st period - Slapshot by Semyon Der-Arguchintsev.
8:44 of 1st period - Deflect By Drew O'Connor.
8:44 of 1st period - Stopped by Scott Wedgewood with a rebound.
9:37 of 1st period - Snap shot by Sasha Chmelevski.
9:37 of 1st period - Shot Misses the Net.
9:39 of 1st period - Snap shot by Nico Sturm.
9:39 of 1st period - Shot Misses the Net.
9:41 of 1st period - Slapshot by Nick Leddy.
9:41 of 1st period - Stopped by Dustin Tokarski without a rebound.
9:42 of 1st period - Filip Hallander wins face-off versus Jakob Pelletier in Newfoundland Shamrocks zone.
11:17 of 1st period - Alec Regula is hit by Nico Sturm.
11:29 of 1st period - Wrist shot by Drew O'Connor.
11:29 of 1st period - Stopped by Scott Wedgewood without a rebound.
11:30 of 1st period - Grant Mismash wins face-off versus Semyon Der-Arguchintsev in Peoria Rivermen zone.
11:35 of 1st period - Riley Barber is hit by Grant Mismash and loses puck.
12:32 of 1st period - Wrist shot by Riley Barber.
12:32 of 1st period - Goal by Riley Barber - Newfoundland Shamrocks : 1 - Peoria Rivermen : 0.
12:33 of 1st period - Nico Sturm wins face-off versus Riley Barber in neutral zone.
12:36 of 1st period - Snap shot by Radim Zohorna.
12:36 of 1st period - Shot Misses the Net.
12:38 of 1st period - Slapshot by Sasha Chmelevski.
12:38 of 1st period - Shot Misses the Net.
12:40 of 1st period - Wrist shot by Yegor Zamula.
12:40 of 1st period - Stopped by Dustin Tokarski with a rebound.
13:03 of 1st period - Slapshot by Brandon Biro.
13:03 of 1st period - Stopped by Dustin Tokarski without a rebound.
13:04 of 1st period - Tanner Laczynski wins face-off versus Grant Mismash in Newfoundland Shamrocks zone.
14:12 of 1st period - Sasha Chmelevski is hit by Drew O'Connor and loses puck.
14:25 of 1st period - Tyler Pitlick is hit by Nicolas Deslauriers and loses puck.
14:53 of 1st period - Snap shot by Denis Gurianov.
14:53 of 1st period - Stopped by Scott Wedgewood with a rebound.
15:11 of 1st period - Slapshot by Filip Hallander.
15:11 of 1st period - Shot Blocked by Connor Mackey.
15:13 of 1st period - Wrist shot by Raphael Lavoie.
15:13 of 1st period - Shot Misses the Net.
15:17 of 1st period - Wrist shot by Raphael Lavoie.
15:17 of 1st period - Shot Misses the Net.
15:19 of 1st period - Wrist shot by Sam Poulin.
15:19 of 1st period - Shot Misses the Net.
15:33 of 1st period - Semyon Der-Arguchintsev is hit by Zachary Jones and loses puck.
15:45 of 1st period - Icing by Jakob Pelletier.
15:46 of 1st period - Tanner Laczynski wins face-off versus Ryan Lomberg in Peoria Rivermen zone.
15:53 of 1st period - Slapshot by Tanner Laczynski.
15:53 of 1st period - Stopped by Scott Wedgewood with a rebound.
15:55 of 1st period - Wrist shot by Nicolas Deslauriers.
15:55 of 1st period - Shot Misses the Net.
16:01 of 1st period - Wrist shot by Max Comtois.
16:01 of 1st period - Stopped by Scott Wedgewood with a rebound.
16:41 of 1st period - Snap shot by Denis Gurianov.
16:41 of 1st period - Stopped by Scott Wedgewood with a rebound.
16:43 of 1st period - Slapshot by Denis Gurianov.
16:43 of 1st period - Stopped by Scott Wedgewood with a rebound.
16:55 of 1st period - Wrist shot by Brandon Biro.
16:55 of 1st period - Stopped by Dustin Tokarski with a rebound.
16:57 of 1st period - Slapshot by Yegor Zamula.
16:57 of 1st period - Shot Misses the Net.
17:21 of 1st period - Wrist shot by Josiah Slavin.
17:21 of 1st period - Shot Blocked by Jon Merrill.
17:23 of 1st period - Slapshot by Nick Leddy.
17:23 of 1st period - Shot Blocked by Jon Merrill.
17:25 of 1st period - Snap shot by Josiah Slavin.
17:25 of 1st period - Stopped by Dustin Tokarski with a rebound.
17:33 of 1st period - Alec Regula is hit by Jonas Rondbjerg and loses puck.
17:52 of 1st period - Snap shot by Sasha Chmelevski.
17:52 of 1st period - Stopped by Dustin Tokarski without a rebound.
17:53 of 1st period - Grant Mismash wins face-off versus Semyon Der-Arguchintsev in Newfoundland Shamrocks zone.
17:56 of 1st period - Wrist shot by Brandon Biro.
17:56 of 1st period - Deflect By Jesper Froden.
17:56 of 1st period - Shot Misses the Net.
17:56 of 1st period - Puck is out of play.
17:57 of 1st period - Semyon Der-Arguchintsev wins face-off versus Grant Mismash in Newfoundland Shamrocks zone.
17:57 of 1st period - Semyon Der-Arguchintsev is hit by Jesper Froden.
18:05 of 1st period - Snap shot by Drew O'Connor.
18:05 of 1st period - Shot Blocked by Zachary Jones.
19:15 of 1st period - Wrist shot by Dakota Joshua.
19:15 of 1st period - Stopped by Dustin Tokarski without a rebound.
19:16 of 1st period - Tanner Laczynski wins face-off versus Nico Sturm in Newfoundland Shamrocks zone.
19:33 of 1st period - Radim Zohorna beats up Max Comtois.
19:33 of 1st period - Penalty to Radim Zohorna for Fighting.
19:33 of 1st period - Penalty to Max Comtois for Fighting.
19:33 of 1st period - Penalty to Max Comtois for instigated a fight.
19:33 of 1st period - Penalty to Max Comtois for instigated and being the aggresor in a fight.
19:33 of 1st period - Max Comtois is ejected from game.
19:34 of 1st period - Nico Sturm wins face-off versus Sean Monahan in Peoria Rivermen zone.
19:41 of 1st period - Wrist shot by Sasha Chmelevski.
19:41 of 1st period - Shot Misses the Net.
19:43 of 1st period - Slapshot by Josiah Slavin.
19:43 of 1st period - Deflect By Nico Sturm.
19:43 of 1st period - Shot Blocked by Alec Regula.
19:43 of 1st period - Puck is out of play.
19:44 of 1st period - Sean Monahan wins face-off versus Nico Sturm in Newfoundland Shamrocks zone.
19:44 of 1st period - Sean Monahan is hit by Josiah Slavin.
Goals for this period are 1 for Newfoundland Shamrocks vs 0 for Peoria Rivermen.
Shots for this period are 11 for Newfoundland Shamrocks vs 12 for Peoria Rivermen.
2nd period
0:01 of 2nd period - Alex Chiasson wins face-off versus Dakota Joshua in neutral zone.
1:25 of 2nd period - Icing by Jalen Chatfield.
1:26 of 2nd period - Dakota Joshua wins face-off versus Tanner Laczynski in Peoria Rivermen zone.
1:33 of 2nd period - Penalty to Max Comtois is over, Sam Poulin is send on ice.
1:37 of 2nd period - Slapshot by Drew O'Connor.
1:37 of 2nd period - Stopped by Scott Wedgewood without a rebound.
1:38 of 2nd period - Tanner Laczynski wins face-off versus Sasha Chmelevski in Peoria Rivermen zone.
1:39 of 2nd period - Wrist shot by Nicolas Deslauriers.
1:39 of 2nd period - Shot Blocked by Zachary Jones.
2:11 of 2nd period - Slapshot by Brandon Biro.
2:11 of 2nd period - Shot Misses the Net.
2:13 of 2nd period - Snap shot by Brandon Biro.
2:13 of 2nd period - Shot Misses the Net.
2:33 of 2nd period - Snap shot by Sean Monahan.
2:33 of 2nd period - Shot Misses the Net.
2:35 of 2nd period - Slapshot by Ville Heinola.
2:35 of 2nd period - Stopped by Scott Wedgewood with a rebound.
5:19 of 2nd period - Alex Chiasson is hit by Josiah Slavin and loses puck.
6:14 of 2nd period - Jonas Rondbjerg is hit by Sam Poulin and loses puck.
6:37 of 2nd period - Wrist shot by Sasha Chmelevski.
6:37 of 2nd period - Stopped by Dustin Tokarski with a rebound.
6:39 of 2nd period - Slapshot by Radim Zohorna.
6:39 of 2nd period - Shot Blocked by Sean Monahan.
6:43 of 2nd period - Slapshot by Radim Zohorna.
6:43 of 2nd period - Stopped by Dustin Tokarski with a rebound.
7:26 of 2nd period - Wrist shot by Filip Hallander.
7:26 of 2nd period - Shot Misses the Net.
7:36 of 2nd period - Tanner Laczynski is hit by Brandon Biro and loses puck.
8:18 of 2nd period - Semyon Der-Arguchintsev is hit by Matthew Kessel and loses puck.
8:31 of 2nd period - Denis Gurianov is hit by Connor Mackey and loses puck.
9:00 of 2nd period - Raphael Lavoie is hit by Jesper Froden and loses puck.
9:15 of 2nd period - Semyon Der-Arguchintsev is hit by Jakob Pelletier.
9:44 of 2nd period - Filip Hallander is hit by Jalen Chatfield and loses puck.
9:51 of 2nd period - Wrist shot by Ryan Lomberg.
9:51 of 2nd period - Deflect By Tyler Pitlick.
9:51 of 2nd period - Stopped by Dustin Tokarski with a rebound.
10:01 of 2nd period - Ville Heinola is hit by Jonas Rondbjerg and loses puck.
10:16 of 2nd period - Sam Poulin is hit by Nick Leddy and loses puck.
11:15 of 2nd period - Denis Gurianov is hit by Ryan Lomberg.
11:23 of 2nd period - Ryan Lomberg is hit by Denis Gurianov and loses puck.
11:32 of 2nd period - Nick Leddy is hit by Jacob Bernard-Docker and loses puck.
11:37 of 2nd period - Slapshot by Sean Monahan.
11:37 of 2nd period - Stopped by Scott Wedgewood without a rebound.
11:38 of 2nd period - Semyon Der-Arguchintsev wins face-off versus Nico Sturm in Peoria Rivermen zone.
11:39 of 2nd period - Snap shot by Drew O'Connor.
11:39 of 2nd period - Shot Blocked by Connor Mackey.
11:47 of 2nd period - Riley Barber is hit by Connor Mackey and loses puck.
11:58 of 2nd period - Icing by Connor Mackey.
11:59 of 2nd period - Nico Sturm wins face-off versus Tanner Laczynski in Peoria Rivermen zone.
12:53 of 2nd period - Wrist shot by Radim Zohorna.
12:53 of 2nd period - Stopped by Dustin Tokarski with a rebound.
12:55 of 2nd period - Wrist shot by Radim Zohorna.
12:55 of 2nd period - Deflect By Nico Sturm.
12:55 of 2nd period - Shot Misses the Net.
12:55 of 2nd period - Puck is out of play.
12:56 of 2nd period - Sean Monahan wins face-off versus Jakob Pelletier in Newfoundland Shamrocks zone.
12:56 of 2nd period - Sean Monahan is hit by Jonas Rondbjerg.
13:11 of 2nd period - Slapshot by Sean Monahan.
13:11 of 2nd period - Shot Misses the Net.
13:21 of 2nd period - Josiah Slavin is hit by Sam Poulin.
13:43 of 2nd period - Slapshot by Dakota Joshua.
13:43 of 2nd period - Stopped by Dustin Tokarski without a rebound.
13:44 of 2nd period - Semyon Der-Arguchintsev wins face-off versus Dakota Joshua in Newfoundland Shamrocks zone.
13:44 of 2nd period - Semyon Der-Arguchintsev is hit by Connor Mackey.
13:49 of 2nd period - Off-side.
13:50 of 2nd period - Tanner Laczynski wins face-off versus Tyler Pitlick in neutral zone.
13:52 of 2nd period - Tanner Laczynski beats up Connor Mackey.
13:52 of 2nd period - Penalty to Connor Mackey for Fighting.
13:52 of 2nd period - Penalty to Tanner Laczynski for Fighting.
13:53 of 2nd period - Sean Monahan wins face-off versus Dakota Joshua in neutral zone.
13:56 of 2nd period - Snap shot by Alex Chiasson.
13:56 of 2nd period - Shot Misses the Net.
13:58 of 2nd period - Snap shot by Sean Monahan.
13:58 of 2nd period - Stopped by Scott Wedgewood without a rebound.
13:59 of 2nd period - Dakota Joshua wins face-off versus Sean Monahan in Peoria Rivermen zone.
14:04 of 2nd period - Slapshot by Jalen Chatfield.
14:04 of 2nd period - Stopped by Dustin Tokarski with a rebound.
14:33 of 2nd period - 10 Minutes Misconduct Penalty to Max Comtois is over.
14:43 of 2nd period - Backhand shot by Tyler Pitlick.
14:43 of 2nd period - Shot Misses the Net.
14:45 of 2nd period - Slapshot by Jalen Chatfield.
14:45 of 2nd period - Shot Blocked by Ville Heinola.
14:47 of 2nd period - Wrist shot by Dakota Joshua.
14:47 of 2nd period - Shot Misses the Net.
14:49 of 2nd period - Wrist shot by Tyler Pitlick.
14:49 of 2nd period - Deflect By Raphael Lavoie.
14:49 of 2nd period - Peoria Rivermen goal is going for a video replay.
14:49 of 2nd period - The goal is good.
14:49 of 2nd period - Goal by Tyler Pitlick - Newfoundland Shamrocks : 1 - Peoria Rivermen : 1.
14:50 of 2nd period - Nico Sturm wins face-off versus Semyon Der-Arguchintsev in neutral zone.
14:50 of 2nd period - Nico Sturm is hit by Jon Merrill.
14:54 of 2nd period - Snap shot by Nico Sturm.
14:54 of 2nd period - Stopped by Dustin Tokarski without a rebound.
14:55 of 2nd period - Nico Sturm wins face-off versus Semyon Der-Arguchintsev in Newfoundland Shamrocks zone.
15:00 of 2nd period - Snap shot by Sasha Chmelevski.
15:00 of 2nd period - Shot Misses the Net.
15:05 of 2nd period - Off-side.
15:06 of 2nd period - Sean Monahan wins face-off versus Jakob Pelletier in neutral zone.
16:17 of 2nd period - Snap shot by Filip Hallander.
16:17 of 2nd period - Stopped by Scott Wedgewood with a rebound.
16:37 of 2nd period - Snap shot by Jakob Pelletier.
16:37 of 2nd period - Stopped by Dustin Tokarski without a rebound.
16:38 of 2nd period - Jakob Pelletier wins face-off versus Denis Gurianov in Newfoundland Shamrocks zone.
16:45 of 2nd period - Snap shot by Jakob Pelletier.
16:45 of 2nd period - Stopped by Dustin Tokarski with a rebound.
17:03 of 2nd period - Jonas Rondbjerg is hit by Filip Hallander and loses puck.
17:10 of 2nd period - Wrist shot by Raphael Lavoie.
17:10 of 2nd period - Shot Misses the Net.
17:12 of 2nd period - Slapshot by Filip Hallander.
17:12 of 2nd period - Shot Misses the Net.
17:32 of 2nd period - Nico Sturm is hit by Drew O'Connor and loses puck.
17:55 of 2nd period - Backhand shot by Jesper Froden.
17:55 of 2nd period - Stopped by Dustin Tokarski with a rebound.
18:04 of 2nd period - Minor Penalty to Ryan Lomberg for Holding.
18:05 of 2nd period - Sasha Chmelevski wins face-off versus Riley Barber in Peoria Rivermen zone.
18:14 of 2nd period - Off-side.
18:15 of 2nd period - Tyler Pitlick wins face-off versus Riley Barber in neutral zone.
18:39 of 2nd period - Slapshot by Alec Regula.
18:39 of 2nd period - Shot Blocked by Tyler Pitlick.
18:41 of 2nd period - Snap shot by Nicolas Deslauriers.
18:41 of 2nd period - Deflect By Riley Barber.
18:41 of 2nd period - Stopped by Scott Wedgewood without a rebound.
18:42 of 2nd period - Sean Monahan wins face-off versus Brandon Biro in Peoria Rivermen zone.
18:52 of 2nd period - Penalty to Connor Mackey is over, Connor Mackey is back on ice.
18:53 of 2nd period - Wrist shot by Sean Monahan.
18:53 of 2nd period - Shot Misses the Net.
19:33 of 2nd period - Zachary Jones is hit by Nicolas Deslauriers.
Goals for this period are 0 for Newfoundland Shamrocks vs 1 for Peoria Rivermen.
Shots for this period are 6 for Newfoundland Shamrocks vs 11 for Peoria Rivermen.
3rd period
0:01 of 3rd period - Sean Monahan wins face-off versus Sasha Chmelevski in neutral zone.
0:04 of 3rd period - Penalty to Ryan Lomberg is over, Ryan Lomberg is back on ice.
0:14 of 3rd period - Slapshot by Sean Monahan.
0:14 of 3rd period - Shot Blocked by Yegor Zamula.
0:16 of 3rd period - Snap shot by Alex Chiasson.
0:16 of 3rd period - Shot Misses the Net.
0:31 of 3rd period - Semyon Der-Arguchintsev is hit by Jonas Rondbjerg and loses puck.
0:52 of 3rd period - Icing by Connor Mackey.
0:53 of 3rd period - Tanner Laczynski wins face-off versus Dakota Joshua in Peoria Rivermen zone.
0:58 of 3rd period - Snap shot by Tanner Laczynski.
0:58 of 3rd period - Shot Blocked by Tyler Pitlick.
1:12 of 3rd period - Snap shot by Tanner Laczynski.
1:12 of 3rd period - Stopped by Scott Wedgewood with a rebound.
1:21 of 3rd period - Nick Leddy is hit by Nicolas Deslauriers and loses puck.
1:26 of 3rd period - Slapshot by Dakota Joshua.
1:26 of 3rd period - Shot Blocked by Ville Heinola.
1:36 of 3rd period - Snap shot by Tyler Pitlick.
1:36 of 3rd period - Stopped by Dustin Tokarski with a rebound.
1:38 of 3rd period - Slapshot by Matthew Kessel.
1:38 of 3rd period - Stopped by Dustin Tokarski with a rebound.
1:40 of 3rd period - Snap shot by Nick Leddy.
1:40 of 3rd period - Stopped by Dustin Tokarski with a rebound.
1:42 of 3rd period - Wrist shot by Dakota Joshua.
1:42 of 3rd period - Stopped by Dustin Tokarski with a rebound.
2:06 of 3rd period - Slapshot by Nick Leddy.
2:06 of 3rd period - Shot Blocked by Dylan Coghlan.
2:08 of 3rd period - Slapshot by Ryan Lomberg.
2:08 of 3rd period - Stopped by Dustin Tokarski without a rebound.
2:09 of 3rd period - Nico Sturm wins face-off versus Sean Monahan in Newfoundland Shamrocks zone.
2:10 of 3rd period - Snap shot by Sasha Chmelevski.
2:10 of 3rd period - Stopped by Dustin Tokarski without a rebound.
2:11 of 3rd period - Sean Monahan wins face-off versus Nico Sturm in Newfoundland Shamrocks zone.
2:13 of 3rd period - Minor Penalty to Denis Gurianov for Diving.
2:14 of 3rd period - Sean Monahan wins face-off versus Nico Sturm in Newfoundland Shamrocks zone.
2:14 of 3rd period - Sean Monahan is hit by Nico Sturm.
2:54 of 3rd period - Icing by Nico Sturm.
2:55 of 3rd period - Nico Sturm wins face-off versus Alex Chiasson in Peoria Rivermen zone.
3:00 of 3rd period - Dylan Coghlan is hit by Jalen Chatfield and loses puck.
3:33 of 3rd period - Sean Monahan is hit by Ryan Lomberg and loses puck.
4:13 of 3rd period - Penalty to Denis Gurianov is over, Denis Gurianov is back on ice.
6:12 of 3rd period - Minor Penalty to Jalen Chatfield for Slashing.
6:13 of 3rd period - Sean Monahan wins face-off versus Sasha Chmelevski in Peoria Rivermen zone.
6:14 of 3rd period - Wrist shot by Denis Gurianov.
6:14 of 3rd period - Stopped by Scott Wedgewood with a rebound.
6:16 of 3rd period - Wrist shot by Sean Monahan.
6:16 of 3rd period - Goal by Sean Monahan - Newfoundland Shamrocks : 2 - Peoria Rivermen : 1.
6:17 of 3rd period - Nico Sturm wins face-off versus Sean Monahan in neutral zone.
6:32 of 3rd period - Snap shot by Sean Monahan.
6:32 of 3rd period - Shot Blocked by Yegor Zamula.
7:00 of 3rd period - Minor Penalty to Alec Regula for Goalie Interference.
7:01 of 3rd period - Sean Monahan wins face-off versus Dakota Joshua in Newfoundland Shamrocks zone.
7:12 of 3rd period - Sam Poulin is hit by Dakota Joshua and loses puck.
7:30 of 3rd period - Off-side.
7:31 of 3rd period - Sean Monahan wins face-off versus Nico Sturm in neutral zone.
7:37 of 3rd period - Jon Merrill is hit by Jalen Chatfield and loses puck.
7:46 of 3rd period - Snap shot by Nico Sturm.
7:46 of 3rd period - Stopped by Dustin Tokarski without a rebound.
7:47 of 3rd period - Dakota Joshua wins face-off versus Alex Chiasson in Newfoundland Shamrocks zone.
8:20 of 3rd period - Slapshot by Zachary Jones.
8:20 of 3rd period - Stopped by Dustin Tokarski with a rebound.
8:22 of 3rd period - Slapshot by Zachary Jones.
8:22 of 3rd period - Stopped by Dustin Tokarski with a rebound.
9:00 of 3rd period - Penalty to Alec Regula is over, Alec Regula is back on ice.
9:41 of 3rd period - Josiah Slavin is hit by Nicolas Deslauriers and loses puck.
10:30 of 3rd period - Sasha Chmelevski is hit by Jon Merrill and loses puck.
10:43 of 3rd period - Icing by Nico Sturm.
10:44 of 3rd period - Filip Hallander wins face-off versus Radim Zohorna in Peoria Rivermen zone.
10:45 of 3rd period - Snap shot by Ville Heinola.
10:45 of 3rd period - Shot Blocked by Zachary Jones.
10:47 of 3rd period - Slapshot by Ville Heinola.
10:47 of 3rd period - Stopped by Scott Wedgewood with a rebound.
10:49 of 3rd period - Snap shot by Raphael Lavoie.
10:49 of 3rd period - Shot Misses the Net.
10:51 of 3rd period - Slapshot by Ville Heinola.
10:51 of 3rd period - Shot Misses the Net.
10:55 of 3rd period - Snap shot by Sam Poulin.
10:55 of 3rd period - Stopped by Scott Wedgewood without a rebound.
10:56 of 3rd period - Sean Monahan wins face-off versus Jakob Pelletier in Peoria Rivermen zone.
10:57 of 3rd period - Snap shot by Denis Gurianov.
10:57 of 3rd period - Deflect By Jakob Pelletier.
10:57 of 3rd period - Stopped by Scott Wedgewood with a rebound.
11:29 of 3rd period - Snap shot by Riley Barber.
11:29 of 3rd period - Stopped by Scott Wedgewood without a rebound.
11:30 of 3rd period - Nico Sturm wins face-off versus Sean Monahan in Peoria Rivermen zone.
11:56 of 3rd period - Zachary Jones is hit by Semyon Der-Arguchintsev and loses puck.
12:16 of 3rd period - Snap shot by Sam Poulin.
12:16 of 3rd period - Shot Misses the Net.
12:47 of 3rd period - Wrist shot by Tanner Laczynski.
12:47 of 3rd period - Stopped by Scott Wedgewood without a rebound.
12:48 of 3rd period - Sean Monahan wins face-off versus Nico Sturm in Peoria Rivermen zone.
14:31 of 3rd period - Radim Zohorna is hit by Wyatte Wylie and loses puck.
14:38 of 3rd period - Drew O'Connor is hit by Radim Zohorna and loses puck.
16:13 of 3rd period - Alec Regula is hit by Matthew Kessel and loses puck.
16:35 of 3rd period - Minor Penalty to Jacob Bernard-Docker for Hooking.
16:36 of 3rd period - Sean Monahan wins face-off versus Ryan Lomberg in Newfoundland Shamrocks zone.
16:47 of 3rd period - Snap shot by Ryan Lomberg.
16:47 of 3rd period - Stopped by Dustin Tokarski with a rebound.
16:49 of 3rd period - Snap shot by Yegor Zamula.
16:49 of 3rd period - Shot Blocked by Ville Heinola.
16:51 of 3rd period - Wrist shot by Jalen Chatfield.
16:51 of 3rd period - Stopped by Dustin Tokarski without a rebound.
16:52 of 3rd period - Sean Monahan wins face-off versus Sasha Chmelevski in Newfoundland Shamrocks zone.
17:09 of 3rd period - Backhand shot by Alex Chiasson.
17:09 of 3rd period - Deflect By Sam Poulin.
17:09 of 3rd period - Stopped by Scott Wedgewood without a rebound.
17:10 of 3rd period - Dakota Joshua wins face-off versus Sean Monahan in Peoria Rivermen zone.
17:10 of 3rd period - Dakota Joshua is hit by Sean Monahan.
17:20 of 3rd period - Slapshot by Jalen Chatfield.
17:20 of 3rd period - Shot Blocked by Alec Regula.
17:22 of 3rd period - Slapshot by Yegor Zamula.
17:22 of 3rd period - Shot Misses the Net.
17:24 of 3rd period - Slapshot by Jalen Chatfield.
17:24 of 3rd period - Stopped by Dustin Tokarski with a rebound.
17:40 of 3rd period - Alec Regula is hit by Sasha Chmelevski and loses puck.
18:11 of 3rd period - Ville Heinola is hit by Ryan Lomberg.
18:35 of 3rd period - Penalty to Jacob Bernard-Docker is over, Jacob Bernard-Docker is back on ice.
19:15 of 3rd period - Peoria Rivermen, Scott Wedgewood is pulled from the net.
19:46 of 3rd period - Wrist shot by Nico Sturm.
19:46 of 3rd period - Stopped by Dustin Tokarski with a rebound.
19:56 of 3rd period - Wrist shot by Nico Sturm.
19:56 of 3rd period - Shot Blocked by Denis Gurianov.
19:58 of 3rd period - Snap shot by Nico Sturm.
19:58 of 3rd period - Goal by Nico Sturm - Newfoundland Shamrocks : 2 - Peoria Rivermen : 2.
19:58 of 3rd period - Scott Wedgewood from Peoria Rivermen was sent back in the game.
19:59 of 3rd period - Riley Barber wins face-off versus Josiah Slavin in neutral zone.
Goals for this period are 1 for Newfoundland Shamrocks vs 1 for Peoria Rivermen.
Shots for this period are 9 for Newfoundland Shamrocks vs 14 for Peoria Rivermen.
Overtime #1
0:01 of 1st overtime period - Jakob Pelletier wins face-off versus Sean Monahan in neutral zone.
0:14 of 1st overtime period - Snap shot by Denis Gurianov.
0:14 of 1st overtime period - Shot Misses the Net.
1:18 of 1st overtime period - Off-side.
1:19 of 1st overtime period - Sasha Chmelevski wins face-off versus Alex Chiasson in neutral zone.
1:34 of 1st overtime period - Slapshot by Denis Gurianov.
1:34 of 1st overtime period - Stopped by Scott Wedgewood with a rebound.
1:36 of 1st overtime period - Slapshot by Ville Heinola.
1:36 of 1st overtime period - Shot Blocked by Zachary Jones.
2:13 of 1st overtime period - Jakob Pelletier is hit by Alec Regula and loses puck.
2:40 of 1st overtime period - Connor Mackey is hit by Denis Gurianov and loses puck.
Goals for this period are 0 for Newfoundland Shamrocks vs 0 for Peoria Rivermen.
Shots for this period are 1 for Newfoundland Shamrocks vs 0 for Peoria Rivermen.
ShootOut
5:00 of 1st overtime period - Round #1.
5:00 of 1st overtime period - Newfoundland Shamrocks, Sean Monahan.
5:00 of 1st overtime period - Deke by Sean Monahan.
5:00 of 1st overtime period - Shot Misses the Net.
5:00 of 1st overtime period - Peoria Rivermen, Brandon Biro.
5:00 of 1st overtime period - Snap shot by Brandon Biro.
5:00 of 1st overtime period - Stopped by Dustin Tokarski.
5:00 of 1st overtime period - Round #2.
5:00 of 1st overtime period - Newfoundland Shamrocks, Denis Gurianov.
5:00 of 1st overtime period - Wrist shot by Denis Gurianov.
5:00 of 1st overtime period - Stopped by Scott Wedgewood.
5:00 of 1st overtime period - Peoria Rivermen, Nico Sturm.
5:00 of 1st overtime period - Deke by Nico Sturm.
5:00 of 1st overtime period - Stopped by Dustin Tokarski.
5:00 of 1st overtime period - Round #3.
5:00 of 1st overtime period - Newfoundland Shamrocks, Alex Chiasson.
5:00 of 1st overtime period - Deke by Alex Chiasson.
5:00 of 1st overtime period - Shot Misses the Net.
5:00 of 1st overtime period - Peoria Rivermen, Sasha Chmelevski.
5:00 of 1st overtime period - Deke by Sasha Chmelevski.
5:00 of 1st overtime period - Goal by Sasha Chmelevski.
Back to the Top